 Dungeon Crawl Stone Soup version 0.28-a0-773-g130ae17fe5 (webtiles) character file.

Game seed: 12856208085796434240

1026 rogsnak the Conjurer (level 8, -12/57 HPs)
             Began as a Human Air Elementalist on Nov 2, 2021.
             Was an Initiate of Ru.
             Mangled by a red ugly thing (14 damage)
             ... on level 6 of the Dungeon.
             The game lasted 00:16:00 (7458 turns).

rogsnak the Conjurer (Human Air Elementalist)       Turns: 7458, Time: 00:16:01

Health: -12/57     AC:  5    Str:  9    XL:     8   Next: 47%
Magic:  14/14      EV: 13    Int: 18    God:    Ru [......]
Gold:   250        SH:  0    Dex: 13    Spells: 7/15 levels left

rFire   . . .      SeeInvis .   i - +2 dagger (venom)
rCold   . . .      Faith    .   (no shield)
rNeg    . . .      Spirit   .   a - +0 robe
rPois   .          Reflect  .   (no helmet)
rElec   .          Harm     .   s - +2 cloak
rCorr   .          Rampage  .   (no gloves)
Will    .....                   (no boots)
Stlth   ++........              g - amulet of magic regeneration
HPRegen 0.19/turn               (no ring)
MPRegen 0.39/turn               (no ring)

@: no status effects
A: no striking features
a: Renounce Religion, Sacrifice Arcana, Sacrifice Artifice, Sacrifice Stealth,
Reject Sacrifices


You were on level 6 of the Dungeon.
You worshipped Ru.
Ru was noncommittal.
You visited 1 branch of the dungeon, and saw 6 of its levels.

You collected 250 gold pieces.

Inventory:

Hand Weapons
 i - a +2 dagger of venom (weapon)
 l - a +1 whip of electrocution
 p - a +5 vorpal war axe
 I - the +3 flail "Morheann" {distort, rPois}
   (You took it off an orc on level 6 of the Dungeon)

   It warps and distorts space around it, and may blink, banish, or inflict
   extra damage upon those it strikes.
   Unwielding it can cause banishment or high damage.
   rPois:     It protects you from poison.
Missiles
 b - 86 stones
 c - 6 boomerangs
 j - 3 atropa-tipped darts
 k - 68 sling bullets
 y - 5 silver boomerangs
 F - 4 curare-tipped darts
Armour
 a - a +0 robe (worn)
 s - a +2 cloak (worn)
Jewellery
 g - an amulet of magic regeneration (around neck)
 G - a ring of positive energy
Wands
 w - a wand of iceblast (10)
 E - a wand of polymorph (11)
Scrolls
 f - a scroll of immolation {unknown}
 h - 2 scrolls of fear {unknown}
 m - a scroll of teleportation {unknown}
 u - a scroll of brand weapon {unknown}
 v - 7 scrolls of identify {unknown}
 x - a scroll of torment {unknown}
 A - a scroll of blinking {unknown}
 B - a scroll of fog {unknown}
 C - a scroll of holy word {unknown}
 H - a scroll of acquirement {unknown}
Potions
 d - 5 potions of curing {unknown}
 e - a potion of invisibility {unknown}
 n - a potion of degeneration {unknown}
 o - a potion of heal wounds {unknown}
 q - a potion of resistance {unknown}
 r - a potion of haste {unknown}
 t - 2 potions of brilliance {unknown}
 z - a potion of flight {unknown}
 D - a potion of attraction {unknown}


   Skills:
 + Level 2.6 Fighting
 + Level 3.8 Dodging
 - Level 2.0 Stealth
 + Level 4.4 Spellcasting
 * Level 5.3 Conjurations
 + Level 5.2 Air Magic


You had 7 spell levels left.
You knew the following spells:

 Your Spells              Type           Power      Damage    Failure   Level
a - Shock                 Conj/Air       88%        1d8       1%          1
b - Swiftness             Air            22%        N/A       4%          3
c - Airstrike             Air            11%        N/A       16%         4

Your spell library contained the following spells:

 Spells                   Type           Power      Damage    Failure   Level
 Static Discharge         Conj/Air       22%        N/A       2%          2
 Apportation              Tloc           6%         N/A       14%         1
 Alistair's Intoxication  Tmut/Pois      2%         N/A       98%         5
 Invisibility             Hex            1%         N/A       100%        6


Dungeon Overview and Level Annotations

Branches:
Dungeon (6/15)
 Temple: D:4-7

Altars:
Okawaru
Ru
Wu Jian

Shops:
D:4 ?   D:6 *


Message History

The zap hits the necrophage!
You destroy the necrophage!
Your life force feels restored.
Casting: Shock (safe; 1% risk of failure)
Confirm with . or Enter, or press ? or * to list all spells.
You can't see any susceptible monsters within range! (Use Z to cast anyway.) Unknown command.
You start resting.
Magic restored.
HP restored.
Found a stone staircase leading down.
There is a stone staircase leading down here.
Found a dagger.
A red ugly thing is nearby!
You see here a +0 dagger.
The red ugly thing gurgles horribly!
You see here a +0 dagger.
Casting: Shock (safe; 1% risk of failure)
Confirm with . or Enter, or press ? or * to list all spells.
You feel quick.
There is a stone staircase leading down here.
You start to feel a little slower.
Things that are here:
a +0 shortbow; 14 arrows You feel sluggish.
The red ugly thing trunk-slaps you!
You are engulfed in flames!!
You start to feel a little faster.
The red ugly thing misses you.
Okay, then.
Okay, then.
Aiming: Polymorph
Press: ? - help, Shift-Dir - straight line, f - red ugly thing
Aim: a red ugly thing (will change colour)
Okay, then.
The red ugly thing trunk-slaps you!
You are engulfed in flames!!
* * * LOW HITPOINT WARNING * * *
Unknown command.
You no longer feel sluggish.
The red ugly thing trunk-slaps you!
You die...

#.########......<
#.... #..........#
#.### #########..#
#^# #..# #### #.# #
#..## #..# #.# #
#...# #..# #.###
#.#.# #..# #.#.'
#.#.# #..# #...#
#.#@# #..# #####
#.#u#######..#######
#...............)...
###.#######..#######
#.# #..## #.#
##...##
#.######.....###
#................
########.....####


You could see a red ugly thing.

Vanquished Creatures
  A sky beast (D:6)
  2 necrophages (D:6)
  A black bear (D:5)
  2 centaurs
  2 phantoms
  A scorpion (D:6)
  Crazy Yiuf (D:2)
  A hound (D:5)
  An iguana (D:6)
  Terence (D:2)
  A hound zombie (D:5)
  2 gnolls (D:1)
  2 howler monkey skeletons
  4 adders
  An adder skeleton (D:4)
  2 worms
  6 dart slugs
  4 orcs
  11 endoplasms
  A giant cockroach (D:3)
  10 goblins
  4 hobgoblins
  12 jackals
  12 kobolds
  3 quokkas
  9 ball pythons
  3 bats
  4 frilled lizards
  6 rats
110 creatures vanquished.

Vanquished Creatures (others)
  3 fungi (D:1)
  12 plants
15 creatures vanquished.

Grand Total: 125 creatures vanquished

Notes
Turn   | Place    | Note
-------+----------+-------------------------------------------
     0 | D:1      | rogsnak the Human Air Elementalist began the quest for the
                  | Orb.
     0 | D:1      | Reached XP level 1. HP: 13/13 MP: 3/3
   387 | D:1      | Reached XP level 2. HP: 19/19 MP: 1/5
   576 | D:1      | Reached XP level 3. HP: 24/24 MP: 2/6
   787 | D:1      | Learned a level 3 spell: Swiftness
  1086 | D:2      | Noticed Terence
  1439 | D:1      | Found a faded altar of an unknown god.
  1609 | D:1      | Reached XP level 4. HP: 30/30 MP: 5/7
  1945 | D:2      | Killed Terence
  2236 | D:2      | Reached XP level 5. HP: 36/36 MP: 6/8
  2550 | D:2      | Found a runed translucent door.
  2556 | D:2      | Learned a level 4 spell: Airstrike
  2556 | D:2      | Noticed Crazy Yiuf
  2578 | D:2      | Killed Crazy Yiuf
  3707 | D:3      | Noticed a phantom
  3718 | D:3      | Killed a phantom
  3719 | D:3      | Reached skill level 1 in Fighting
  3719 | D:3      | Reached XP level 6. HP: 27/43 MP: 10/10
  4426 | D:4      | Found Meaxt's Magic Scroll Boutique.
  4831 | D:4      | Found an iron altar of Okawaru.
  4879 | D:4      | Found a sacrificial altar of Ru.
  4887 | D:4      | Became a worshipper of Ru the Awakened
  5001 | D:5      | Entered Level 5 of the Dungeon
  5131 | D:5      | Found an ornate altar of the Wu Jian Council.
  5187 | D:5      | Reached XP level 7. HP: 32/48 MP: 10/12
  6683 | D:6      | Reached XP level 8. HP: 56/56 MP: 8/14
  6756 | D:6      | Noticed a red ugly thing
  7023 | D:6      | Reached skill level 5 in Conjurations
  7023 | D:6      | Reached skill level 5 in Air Magic
  7205 | D:6      | Identified the +3 flail "Morheann" {distort, rPois}
  7254 | D:6      | Found Maloal's General Store.
  7456 | D:6      | HP: 2/57 [red ugly thing (18)]
  7458 | D:6      | Mangled by a red ugly thing

Illustrated notes

Levels and vault maps discovered:
D:1:      dpeg_arrival_long_road, layout_loops_ring,
          shapermc_ecumenical_altar_mp_urbaneastern, minmay_fountain_box,
          minmay_three_crescents
D:2:      layout_rooms, uniq_crazy_yiuf_cottage, uniq_terence
D:3:      layout_loops_ring, serial_bayou_pond_e, serial_bayou_lake_a
D:4:      layout_loops_ring, kennysheep_okawaru_gauntlet,
          nicolae_ru_path_of_blood, nicolae_stop_n_shop_1
D:5:      layout_basic, amcnicky_altar_gilded
D:6:      layout_loops_ring, tso_oasis_becter, zin_angel, serial_shops,
          kennysheep_mini

Skill      XL: |  1  2  3  4  5  6  7  8 |
---------------+-------------------------+-----
Conjurations   | 2 3 4 5 |  5.3
Fighting       | 1 2 |  2.6
Spellcasting   | 3 4 |  4.4
Air Magic      | 4 5 |  5.2
Dodging        | 3 |  3.8
Stealth        | |  2.0

Action                   |  1- 3 |  4- 6 |  7- 9 || total
-------------------------+-------+-------+-------++-------
Melee: Unarmed           |     5 |       |       ||     5
       Short sword       |    14 |       |       ||    14
       Dagger            |    11 |   125 |    48 ||   184
       Whip              |       |    20 |       ||    20
 Cast: Shock             |    48 |    72 |    40 ||   160
       Airstrike         |       |       |     2 ||     2
       Swiftness         |       |       |     2 ||     2
 Stab: Sleeping          |     2 |     7 |     1 ||    10
       Distracted        |       |     1 |       ||     1
Armor: Robe              |    10 |    36 |    28 ||    74
Dodge: Dodged            |    13 |    83 |    38 ||   134

Table legend: (Time is in decaauts)
 A = Elapsed time spent in this place.
 B = Non-inter-level travel time spent in this place.
 C = Inter-level travel time spent in this place.
 D = Time resting spent in this place.
 E = Time spent auto-exploring this place.
 F = Levels seen in this place.
 G = Mean time per level.
                   A        B        C        D        E       F      G
               +--------+--------+--------+--------+--------+-----+--------+
         Total |   7487 |   7310 |    177 |   1780 |   4187 |   6 | 1247.8 |
       Dungeon |   7487 |   7310 |    177 |   1780 |   4187 |   6 | 1247.8 |
               +--------+--------+--------+--------+--------+-----+--------+

Top non-repeatable levels by time:
     D:1: 1920 daAuts
     D:5: 1597 daAuts
     D:3: 1336 daAuts
     D:2: 1174 daAuts
     D:6: 856 daAuts
     D:4: 600 daAuts
